 Dungeon Crawl Stone Soup version 0.17-a0-744-gaa96792 (webtiles) character file.

637 namelastname112 the Cudgeler (level 7, -3/61 HPs)
             Began as a Pale Draconian Chaos Knight on Apr 21, 2015.
             Slain by a decayed bog body (8 damage)
             ... in an ossuary.
             The game lasted 00:05:54 (3120 turns).

namelastname112 the Cudgeler (DrCK)                 Turns: 3120, Time: 00:05:54

Health: -3/61      AC:  9    Str: 14    XL:     7   Next: 25%
Magic:  7/7        EV: 13    Int: 13    God:    Xom [..*...]
Gold:   143        SH:  0    Dex: 12    Spells: 0 memorised, 6 levels left

rFire  . . .     SeeInvis .     a - +0 mace (chaos) (curse)
rCold  . . .     Clarity  .     (armour unavailable)
rNeg   . . .     SustAb   .     (no shield)
rPois  .         Gourm    .     (helmet restricted)
rElec  .         Spirit   .     o - +2 cloak (curse)
rCorr  .         Warding  .     (no gloves)
rMut   .         Stasis   .     (no boots)
MR     .....                    (no amulet)
Stlth  +.........               (no ring)
                                (no ring)

@: short of breath, slowed, very slow, not resistant to hostile enchantments,
very unstealthy
A: breathe steam, unfitting armour, cold-blooded, AC +6
a: Breathe Steam, Renounce Religion


You were in an ossuary.
You worshipped Xom.
You were a toy of Xom.
You were very hungry.

You visited 1 branch of the dungeon, and saw 4 of its levels.
You also visited: Ossuary.

You collected 143 gold pieces.

Inventory:

Hand weapons
 a - a cursed +0 mace of chaos (weapon)
Armour
 o - a cursed +2 cloak (worn)
Magical devices
 f - a wand of flame (27)
 k - a wand of polymorph (2)
Scrolls
 c - 5 scrolls of remove curse {unknown}
 d - 5 scrolls of identify {unknown}
 e - a scroll of noise {unknown}
 g - a scroll of enchant armour {unknown}
 i - 3 scrolls of blinking {unknown}
 l - 2 scrolls of immolation {unknown}
Potions
 m - a potion of heal wounds {unknown}
 p - a potion of poison {unknown}
 q - a potion of brilliance {unknown}
Comestibles
 b - a bread ration
 h - 3 slices of pizza
 j - a meat ration
 n - 4 fruits


   Skills:
 + Level 5.5 Fighting
 * Level 6.3 Maces & Flails
 + Level 4.0 Dodging


You had 6 spell levels left.
You didn't know any spells.

Dungeon Overview and Level Annotations

Branches:
Dungeon (4/15)
 Temple: D:4-7

Altars:
Ru


Innate Abilities, Weirdness & Mutations

You can breathe blasts of scalding, opaque steam.
Your pale cyan-grey scales are hard (AC +6).
Your body does not fit into most forms of armour.
You are cold-blooded and may be slowed by cold attacks.


Message History

You tail-slap the decayed bog body, but do no damage.
The decayed bog body is almost destroyed.
The decayed bog body hits you but does no damage.
The decayed bog body barely misses you.
You hit the decayed bog body but do no damage.
You tail-slap the decayed bog body, but do no damage.
The decayed bog body is almost destroyed.
The decayed bog body hits you!
* * * LOW HITPOINT WARNING * * *
The decayed bog body completely misses you.
The decayed bog body closely misses you.
The decayed bog body misses you.
Drink which item? (? for menu, Esc to quit)
Okay, then.
Eat which item? (? for menu, Esc to quit)
You are feeling very hungry.
The decayed bog body barely misses you. The decayed bog body touches you.
* * * LOW HITPOINT WARNING * * *
The decayed bog body freezes you!
You feel yourself slow down.
You die...

## # ##≈# ### #≈
#.≈ #.≈.#
#≈#≈.#+#'#≈≈≈#'#+
#≈..≈≈≈≈M.≈.≈M≈M.
≈≈##≈##n##'##≈##.
#@†.# # #.∩.#
#..∩# #####


You could see a decayed bog body and a mummy.

Vanquished Creatures
  2 ogres
  A centaur zombie (Ossuary)
  2 bog bodies (Ossuary)
  A crimson imp (D:3)
  An orc priest (D:3)
  2 giant frog zombies (Ossuary)
  Natasha (thrice) (D:3)
  A worker ant (D:4)
  A hound skeleton (D:3)
  3 mummies (Ossuary)
  Robin (D:3)
  A worker ant zombie (Ossuary)
  4 adders
  2 oozes
  3 worms (D:2)
  6 orcs (D:3)
  A bat zombie (Ossuary)
  6 giant cockroaches
  15 goblins
  7 hobgoblins
  2 jackals (D:3)
  7 kobolds
  10 bats
  5 giant geckos
  A giant gecko zombie (Ossuary)
  5 giant newts
  A quokka (D:3)
  12 rats
106 creatures vanquished.

Vanquished Creatures (collateral kills)
  A rat (D:3)
1 creature vanquished.

Grand Total: 107 creatures vanquished

Notes
Turn   | Place    | Note
--------------------------------------------------------------
     0 | D:1      | namelastname112, the Draconian Chaos Knight, began the quest for the Orb.
     0 | D:1      | Reached XP level 1. HP: 19/19 MP: 1/1
   154 | D:1      | XOM: potion effect (agility)
   156 | D:1      | Reached XP level 2. HP: 21/26 MP: 2/2
   510 | D:1      | XOM: harmless Chrm miscast
   792 | D:2      | Found a sacrificial altar of Ru.
   826 | D:2      | Reached XP level 3. HP: 22/33 MP: 3/3
   894 | D:2      | XOM: silly message
  1076 | D:2      | XOM: harmless Trmt miscast
  1596 | D:2      | XOM is BORED!
  1596 | D:2      | XOM: medium Necr miscast
  1661 | D:2      | XOM: silly message
  1741 | D:2      | XOM: silly message
  1816 | D:2      | Reached skill level 4 in Fighting
  1868 | D:3      | Reached XP level 4. HP: 29/40 MP: 4/4
  1894 | D:3      | Noticed Robin
  1923 | D:3      | XOM: mild Chrm miscast
  1933 | D:3      | Killed Robin
  2087 | D:3      | Noticed Natasha
  2098 | D:3      | Killed Natasha
  2130 | D:3      | Noticed Natasha
  2134 | D:3      | Killed Natasha
  2134 | D:3      | Reached XP level 5. HP: 42/47 MP: 5/5
  2249 | D:3      | Noticed an ogre
  2250 | D:3      | Noticed Natasha
  2259 | D:3      | Killed an ogre
  2259 | D:3      | Reached skill level 5 in Maces & Flails
  2261 | D:3      | XOM: divination: detect creatures
  2262 | D:3      | Killed Natasha
  2516 | D:3      | XOM: harmless Conj miscast
  2543 | D:3      | XOM: harmless Tloc miscast
  2555 | D:3      | Reached XP level 6. HP: 43/55 MP: 6/6
  2715 | D:3      | XOM: harmless Pois miscast
  3009 | D:4      | Found a sand-covered staircase.
  3018 | D:4      | Reached skill level 5 in Fighting
  3030 | Ossuary  | Entered an ossuary
  3042 | Ossuary  | XOM: potion effect (heal wounds)
  3064 | Ossuary  | Your scales start taking on a pale cyan-grey colour.
  3064 | Ossuary  | Reached XP level 7. HP: 31/61 MP: 7/7
  3073 | Ossuary  | Reached skill level 6 in Maces & Flails
  3120 | Ossuary  | Slain by a decayed bog body

Action                   |  1- 3 |  4- 6 |  7- 9 || total
-------------------------+-------+-------+-------++-------
Melee: Mace              |   108 |   212 |    37 ||   357
 Abil: Breathe Steam     |       |       |     4 ||     4
  Use: Potion            |       |     3 |       ||     3
 Stab: Paralysed         |     1 |       |       ||     1
       Sleeping          |     3 |       |       ||     3
  Eat: Chunk             |     2 |     4 |       ||     6
       Fruit             |       |       |     1 ||     1
